 Dungeon Crawl Stone Soup version 0.30.0-5-g1a98f26d00 (webtiles) character file.

Game seed: 1255094341425261048

1013 Esekla the Twirler (level 8, -6/57 HPs)
             Began as a Barachi Wanderer on May 9, 2023.
             Mangled by an orc warrior
             ... wielding a +0 mace
              (8 damage)
             ... on level 6 of the Dungeon.
             The game lasted 00:27:10 (4485 turns).

Esekla the Twirler (Barachi Wanderer)               Turns: 4485, Time: 00:27:10

Health: -6/57      AC:  8    Str: 14    XL:     8   Next: 21%
Magic:  12/12      EV:  9    Int: 12    God:
Gold:   287        SH:  0    Dex: 14    Spells: 6/13 levels left

rFire   . . .        a - +2 quarterstaff
rCold   + . .        (shield currently unavailable)
rNeg    . . .        b - +0 scale mail
rPois   .            (no helmet)
rElec   .            (no cloak)
rCorr   .            n - +0 pair of gloves
SInv    .            (no boots)
Will    .....        (no amulet) Stlth
                     f - ring of protection from cold
HPRegen 0.29/turn    (no ring)
MPRegen 0.13/turn

%: no passive effects
@: slow
A: amphibious, slowness 1, strong legs 1, +LOS
a: Hop


You were on level 6 of the Dungeon.
You visited 1 branch of the dungeon, and saw 6 of its levels.

You collected 287 gold pieces.

Inventory:

Hand Weapons
 a - a +2 quarterstaff (weapon)
 e - a +0 dagger
 A - a +0 spear
 B - a +0 falchion
Missiles
 d - 2 throwing nets
 G - 2 boomerangs
Armour
 b - a +0 scale mail (worn)
 i - a +0 buckler
 n - a +0 pair of gloves (worn)
 o - a +0 buckler
Jewellery
 f - a ring of protection from cold (left hand)
 k - a ring of ice
Scrolls
 c - a scroll of fog
 g - a scroll of fear {unknown}
 h - a scroll of acquirement {unknown}
 l - 2 scrolls of teleportation
 r - 3 scrolls of enchant armour {unknown}
 t - a scroll of enchant weapon {unknown}
 w - a scroll of immolation {unknown}
 x - a scroll of summoning {unknown}
 y - 2 scrolls of magic mapping {unknown}
 z - a scroll of noise {unknown}
 C - a scroll of poison {unknown}
 D - 2 scrolls of amnesia {unknown}
 E - 2 scrolls of vulnerability {unknown}
Potions
 j - 2 potions of mutation
 m - a potion of heal wounds
 q - 3 potions of lignification
 s - 4 potions of curing {unknown}
 u - 2 potions of brilliance
 v - 2 potions of might
 F - a potion of cancellation


   Skills:
 * Level 2.6 Fighting
 * Level 6.9 Staves
 + Level 5.1 Armour
 + Level 0.8 Dodging
 + Level 0.1 Stealth
 * Level 2.0 Shields
 * Level 3.1 Spellcasting
 * Level 2.4 Conjurations
 * Level 2.9 Necromancy
 * Level 2.0 Air Magic
 * Level 1.7 Poison Magic
 + Level 1.2 Evocations


You had 6 spell levels left.
You knew the following spells:

 Your Spells              Type           Power      Damage    Failure   Level
a - Necrotise             Necr           36%        1d5       26%         1
c - Mephitic Cloud        Conj/Pois/Air  6%         N/A       75%         3
d - Vampiric Draining     Necr           9%         2d6       63%         3

Your spell library contained the following spells:

 Spells                   Type           Power      Damage    Failure   Level
 Magic Dart               Conj           28%        1d4       34%         1
 Summon Small Mammal      Summ           4%         N/A       67%         1
 Call Imp                 Summ           2%         N/A       80%         2
 Call Canine Familiar     Summ           1%         N/A       95%         3
 Summon Guardian Golem    Hex/Summ       1%         N/A       95%         3


Dungeon Overview and Level Annotations

Branches:
Dungeon (6/15)
 Temple: D:4-7

Altars:
Nemelex Xobeh
Trog
Yredelemnul

Shops:
D:6 :


Innate Abilities, Weirdness & Mutations

You are amphibious.
You cover ground slowly.
You can hop short distances.
You have an extended range of vision and can be seen from far away.


Message History

Okay, then.
Items here: ))))) [[[ ††.
Okay, then.
Items here: ))))) [[[ ††.
A jelly comes into view.
The jelly quivers.
The two-headed ogre shouts in stereo!
You open the door.
An orc warrior comes into view. It is wielding a +0 mace.
The jelly hits you but does no damage.
Found Zucker's Book Shoppe.
The orc warrior shouts!
You hear a shout!
A centaur comes into view.
There is an open door here.
The jelly attacks as you move away! The jelly hits you but does no damage.
The centaur shouts!
A howler monkey comes into view.
The howler monkey howls!
You hear a shout!
An orc comes into view. It is wielding a +0 dagger.
The orc warrior barely misses you. The jelly barely misses you.
The orc warrior hits you with a +0 mace.
The howler monkey hoots and howls with incredible vigour!
An orc comes into view. It is wielding a +0 falchion.
The orc warrior hits you but does no damage.
The jelly hits you but does no damage.
You hear a shout! x8
There is an entrance to Zucker's Book Shoppe here.
You sock the orc!
You kill the orc!
The two-headed ogre hits you with a +0 giant club!
The two-headed ogre hits you with a +0 giant spiked club.
The orc warrior hits you but does no damage.
The jelly hits you.
You are splashed with acid.
Your Shields skill increases to level 2!
The two-headed ogre attacks as you move away!
The two-headed ogre barely misses you.
The two-headed ogre hits you with a +0 giant spiked club!!
* * * LOW HITPOINT WARNING * * *
The orc warrior hits you with a +0 mace!
You die...

...##.. ..... ..... .#
... .. .>. ##### .#
#h#.## ##...##.. #.
#c#...##.....##.
#..###o###.........#.#
#..o.@∩O.'.........#.#
#..###J#####..........
... #.##.....<...###.
.# #'#...........##.
#.............##.
##...............
#...............
#...#..#......#.
#...#..##......#


You could see a two-headed ogre, an orc warrior, a centaur, a howler monkey
(catching breath), a jelly and an orc.

Vanquished Creatures
  2 black bears
  A centaur (D:5)
  2 phantoms
  2 scorpions (D:5)
  A howler monkey (D:5)
  4 hounds
  An orc priest (D:6)
  2 sleepcaps
  3 iguanas
  An orc wizard (D:3)
  2 adders
  A shadow imp (D:6)
  A white imp (D:6)
  An ufetubus (D:5)
  2 worms
  12 orcs
  9 ball pythons
  6 bats
  11 endoplasms
  A giant cockroach (D:4)
  6 goblins
  6 hobgoblins
  4 quokkas
  6 frilled lizards
  8 kobolds
  6 rats
101 creatures vanquished.

Notes
Turn   | Place    | Note
-------+----------+-------------------------------------------
     0 | D:1      | Esekla the Barachi Wanderer began the quest for the Orb.
     0 | D:1      | Esekla set off with the following items: a +2 quarterstaff,
                  | a +0 scale mail, a scroll of fog; and the following spell
                  | memorised: Necrotise; and the following spells available to
                  | memorise: Vampiric Draining.
     0 | D:1      | Reached XP level 1. HP: 13/13 MP: 3/3
   299 | D:1      | Reached XP level 2. HP: 19/20 MP: 5/5
   409 | D:1      | Found a faded altar of an unknown god.
   434 | D:1      | Reached skill level 4 in Staves
   900 | D:2      | Reached skill level 1 in Fighting
   900 | D:2      | Reached XP level 3. HP: 26/26 MP: 6/6
  1380 | D:2      | Reached XP level 4. HP: 32/32 MP: 7/7
  1450 | D:2      | Learned a level 3 spell: Vampiric Draining
  1670 | D:3      | Learned a level 3 spell: Mephitic Cloud
  2268 | D:4      | Reached XP level 5. HP: 37/37 MP: 8/8
  2499 | D:4      | Reached skill level 5 in Staves
  2499 | D:4      | Reached skill level 1 in Conjurations
  2546 | D:4      | Found a sparkling altar of Nemelex Xobeh.
  2616 | D:4      | Found a basalt altar of Yredelemnul.
  2680 | D:4      | Found a bloodstained altar of Trog.
  3195 | D:5      | Entered Level 5 of the Dungeon
  3243 | D:5      | Reached XP level 6. HP: 41/43 MP: 9/9
  3294 | D:5      | Reached skill level 1 in Shields
  3294 | D:5      | Reached skill level 1 in Air Magic
  3351 | D:5      | Noticed a black bear
  3390 | D:5      | Reached skill level 6 in Staves
  3420 | D:5      | Killed a black bear
  3421 | D:5      | Reached skill level 1 in Poison Magic
  3421 | D:5      | Reached XP level 7. HP: 27/49 MP: 11/11
  4191 | D:6      | Reached XP level 8. HP: 43/57 MP: 12/12
  4283 | D:6      | Reached skill level 5 in Armour
  4283 | D:6      | Noticed a two-headed ogre
  4478 | D:6      | Found Zucker's Book Shoppe.
  4485 | D:6      | HP: 1/57 [two-headed ogre/+0 giant club (28)]
  4485 | D:6      | Mangled by an orc warrior

Illustrated notes

Levels and vault maps discovered:
D:1:      dpeg_arrival_circle_labyrinth_c, layout_basic,
          shapermc_ecumenical_altar_petra
D:2:      layout_loops_cross, minmay_pentomino_r4
D:3:      layout_loops_cross, corexii_corridor_pit
D:4:      minmay_spotlight, layout_basic, mainiacjoe_overflow_six_doors_small,
          mainiacjoe_overflow_boulevard, mainiacjoe_overflow_24_doors
D:5:      layout_gridville, minmay_misc_feat_diagonals
D:6:      layout_rooms, kennysheep_little_box,
          mainiacjoe_overflow_surrounded_room, serial_shops,
          nicolae_shop_hallway_plus

Skill      XL: |  1  2  3  4  5  6  7  8 |
---------------+-------------------------+-----
Staves         | 4 5 6 |  6.9
Fighting       | 1 2 |  2.6
Necromancy     | 2 |  2.9
Armour         | 3 4 5 |  5.1
Conjurations   | 1 2 |  2.4
Shields        | 1 2 |  2.0
Air Magic      | 1 2 |  2.0
Poison Magic   | 1 |  1.7
Spellcasting   | 3 |  3.1
Dodging        | |  0.8
Stealth        | |  0.1
Evocations     | |  1.2

Action                     |  1- 3 |  4- 6 |  7- 9 || total
---------------------------+-------+-------+-------++-------
  Melee: Quarterstaff      |   102 |   133 |    92 ||   327
Ability: Hop               |       |       |     1 ||     1
    Use: Scroll            |       |       |     9 ||     9
 Armour: Scale mail        |    66 |    51 |    57 ||   174
  Dodge: Dodged            |    42 |    57 |    49 ||   148
